 Dungeon Crawl Stone Soup version 0.30.1-4-g462c640d31 (webtiles) character file.

Game seed: 9324708073211850685

598 Almogavar the Chopper (level 7, -6/61 HPs)
             Began as a Hill Orc Fighter on Aug 22, 2023.
             Killed from afar by an electric eel (8 damage)
             ... with a bolt of electricity
             ... on level 4 of the Dungeon.
             The game lasted 00:09:43 (3363 turns).

Almogavar the Chopper (Hill Orc Fighter)            Turns: 3363, Time: 00:09:43

Health: -6/61      AC: 11    Str: 21    XL:     7   Next: 40%
Magic:  7/7        EV: 24    Int:  8    God:
Gold:   206        SH:  4    Dex: 10    Spells: 6/6 levels left

rFire   . . .        y - +2 hand axe (vamp)
rCold   . . .        c - +0 buckler
rNeg    . . .        b - +0 scale mail
rPois   .            (no helmet)
rElec   .            i - scarf {shadows}
rCorr   .            (no gloves)
SInv    .            (no boots)
Will    .....        u - amulet of the acrobat Stlth
                     j - +4 ring of protection
HPRegen 0.30/turn    e - +4 ring of slaying
MPRegen 0.10/turn

%: acrobat
@: acrobatic
A: no striking features
a: no special abilities


You were on level 4 of the Dungeon.
You visited 1 branch of the dungeon, and saw 4 of its levels.

You collected 206 gold pieces.

Inventory:

Hand Weapons
 p - a +1 flail of protection
 y - a +2 vampiric hand axe (weapon)
Armour
 b - a +0 scale mail (worn)
 c - a +0 buckler (worn)
 i - a scarf of shadows (worn)
 o - a +0 chain mail
 x - a +1 cloak
Magical Staves
 D - a staff of death
Jewellery
 e - a +4 ring of slaying (right hand)
 j - a +4 ring of protection (left hand)
 r - a ring of flight
 u - an amulet of the acrobat (around neck)
 w - a ring of willpower
Wands
 a - a wand of flame (9)
Scrolls
 l - a scroll of poison
 m - a scroll of teleportation
 s - a scroll of blinking {unknown}
 v - a scroll of magic mapping {unknown}
 A - a scroll of torment {unknown}
 E - 2 scrolls of butterflies
 F - a scroll of immolation {unknown}
Potions
 d - a potion of might
 g - 3 potions of curing
 q - a potion of cancellation {unknown}
 t - 2 potions of attraction {unknown}
 z - 2 potions of heal wounds {unknown}
 B - a potion of flight {unknown}
 C - a potion of berserk rage {unknown}


   Skills:
 + Level 5.1 Fighting
 + Level 7.2 Axes
 + Level 5.7 Armour
 + Level 0.1 Stealth
 + Level 4.0 Shields


You had 6 spell levels left.
You didn't know any spells.
Your spell library contained the following spells:

 Spells                   Type           Power      Damage    Failure   Level
 Hailstorm                Conj/Ice       0%         3d3       99%         3
 Ice Form                 Ice/Tmut       0%         N/A       100%        4
 Simulacrum               Ice/Necr       0%         N/A       100%        6


Dungeon Overview and Level Annotations

Branches:
Dungeon (4/15)
 Temple: D:4-7

Altars:
Elyvilon
Trog
Zin
The Shining One

Annotations:
D:4 1 transporter


Message History

You swap places.
You swap places.
You swap places.
You swap places.
Your butterfly disappears in a burst of colours!
Your butterfly disappears in a burst of colours!
Your butterfly disappears in a burst of colours!
You swap places.
Your butterfly disappears in a burst of colours!
There is a transporter here.
You enter the transporter and appear at another place.
a - a wand of flame (9)
You open the door.
The electric eel shoots out a bolt of lightning at you!
The bolt of electricity misses you. The bolt of electricity hits you!
The bolt of electricity hits the plant!
The plant begins to die.
The electric eel shoots out a bolt of lightning at you!
The bolt of electricity misses you. x2; The bolt of electricity hits the plant!
The plant begins to die.
There is an open door here.
The electric eel shoots out a bolt of lightning at you!
The bolt of electricity hits you.
The electric eel shoots out a bolt of lightning at you!
The bolt of electricity hits you!
The electric eel shoots out a bolt of lightning at you!
The bolt of electricity hits you!
The electric eel shoots out a bolt of lightning at you!
The bolt of electricity misses you.
A nearby plant withers and dies. x2
There is a fountain of clear blue water here.
The electric eel shoots out a bolt of lightning at you!
The bolt of electricity hits you!
The electric eel shoots out a bolt of lightning at you!
The bolt of electricity hits you!
* * * LOW HITPOINT WARNING * * *
The bolt of electricity hits you!
* * * LOW HITPOINT WARNING * * *
The electric eel shoots out a bolt of lightning at you!
The bolt of electricity hits you!
You die...

#.##.###..###.###.#.##.....#..#
#.##.###......# #..........#..#
#.##..##.####.###.†.†.........#
#.###.##.#####..)######...###>#
..# #.##.##.................#.#
..# #.......###############.#.#
.####...###.#8P#~~~S~~~#~8#...#
........##..#..#.......#..#...#
#####..##..©#©$+@..⌠...'.©#©..#
##bb#b...#.!#.......#..#..##
#bbbbb##.#8P#~~SS~~~#~8#.##
#b^bb.##.###############.#
#bbbb....................#
#bb.bb#######.#..#####.###
#..b..# ##.#........#
##!#########..b#.#######
#..bb....)...<..#


You could see 3 electric eels.

Vanquished Creatures
  A black bear (D:4)
  2 bullfrogs (D:4)
  A scorpion (D:4)
  2 hounds (D:4)
  A jelly (D:4)
  A gnoll bouda (D:4)
  An iguana (D:4)
  Terence (D:2)
  4 gnolls (D:4)
  4 adders
  2 worms (D:3)
  A dart slug (D:4)
  2 orcs (D:3)
  5 ball pythons
  6 endoplasms
  3 giant cockroaches
  9 goblins
  4 hobgoblins
  2 jackals (D:1)
  7 kobolds
  A quokka (D:3)
  6 bats
  3 frilled lizards
  9 rats
78 creatures vanquished.

Notes
Turn   | Place    | Note
-------+----------+-------------------------------------------
     0 | D:1      | Almogavar the Hill Orc Fighter began the quest for the Orb.
     0 | D:1      | Reached XP level 1. HP: 19/19 MP: 1/1
   371 | D:1      | Reached XP level 2. HP: 26/27 MP: 2/2
   586 | D:1      | Reached skill level 3 in Axes
   899 | D:2      | Found a glowing golden altar of the Shining One.
  1032 | D:2      | Noticed Terence
  1033 | D:2      | Reached XP level 3. HP: 18/33 MP: 3/3
  1039 | D:2      | Killed Terence
  1040 | D:2      | Reached XP level 4. HP: 25/40 MP: 4/4
  1164 | D:2      | Reached skill level 4 in Axes
  1247 | D:2      | Identified the +1 ring mail of Divine Compulsion {rF+
                  | Regen+ Dex-3}
  2208 | D:3      | Found a faded altar of an unknown god.
  2583 | D:4      | Noticed a bullfrog
  2591 | D:4      | Noticed a scorpion
  2598 | D:4      | Killed a bullfrog
  2599 | D:4      | Reached skill level 5 in Axes
  2599 | D:4      | Reached XP level 5. HP: 37/46 MP: 5/5
  2654 | D:4      | Reached XP level 6. HP: 27/53 MP: 6/6
  2659 | D:4      | Reached skill level 5 in Armour
  2664 | D:4      | Reached skill level 6 in Axes
  2739 | D:4      | Found a bloodstained altar of Trog.
  2839 | D:4      | Found a white marble altar of Elyvilon.
  2839 | D:4      | Found a glowing silver altar of Zin.
  2963 | D:4      | Noticed a black bear
  2973 | D:4      | Killed a black bear
  2974 | D:4      | Reached XP level 7. HP: 60/60 MP: 7/7
  3005 | D:4      | Found a transporter.
  3107 | D:4      | Reached skill level 5 in Fighting
  3107 | D:4      | Reached skill level 7 in Axes
  3130 | D:4      | Found a transporter.
  3363 | D:4      | HP: 2/61 [electric eel/bolt of electricity (13)]
  3363 | D:4      | Killed from afar by an electric eel

Illustrated notes

Levels and vault maps discovered:
D:1:      lightli_arrival_maybe_door_vault, layout_loops_corners
D:2:      layout_basic, basic_altar, uniq_terence
D:3:      layout_loops_cross, hellmonk_ecumenical_altar_arch_garden,
          amcnicky_mini_pool_small, chequers_serial_rivers_large_a
D:4:      gammafunk_steamed_eel, layout_loops_ring, trog_three_pillars_becter,
          nicolae_overflow_two_pavilions

Skill      XL: |  1  2  3  4  5  6  7 |
---------------+----------------------+-----
Axes           | 3 5 6 7 |  7.2
Fighting       | 4 5 |  5.1
Armour         | 4 5 |  5.7
Shields        | 4 |  4.0
Stealth        | |  0.1

Action                     |  1- 3 |  4- 6 |  7- 9 || total
---------------------------+-------+-------+-------++-------
  Melee: War axe           |    61 |    43 |       ||   104
         Hand axe          |       |    88 |    15 ||   103
    Use: Scroll            |     1 |     3 |     4 ||     8
         Potion            |       |     2 |       ||     2
 Armour: Scale mail        |    26 |    69 |     4 ||    99
  Dodge: Dodged            |    26 |    78 |    11 ||   115
  Block: Buckler           |    11 |    27 |     5 ||    43
